 Dungeon Crawl Stone Soup version 0.31.0-12-g77e489cdc1 (webtiles) character file.

Game seed: 17369506464600489152

29185 nightchill the Spear-Bearer (level 13, 111/111 HPs)
             Began as a Merfolk Fighter on Feb 19, 2024.
             Was an Initiate of Gozag.
             Quit the game on level 10 of the Dungeon on Feb 21, 2024.
             The game lasted 00:57:23 (17125 turns).

nightchill the Spear-Bearer (Merfolk Fighter)      Turns: 17125, Time: 00:57:24

Health: 111/111    AC: 21    Str: 21    XL:     13   Next: 43%
Magic:  13/13      EV: 23    Int:  8    God:    Gozag
Gold:   2917       SH:  6    Dex:  9    Spells: 7/12 levels left

rFire   + + .        H - +4 trident
rCold   + . .        y - +2 buckler "Tielu" {+Blink rPois rN++ Dex-4}
rNeg    + + +        S - +0 chain mail {rC+}
rPois   +            j - +2 helmet
rElec   .            P - +0 cloak {Will+}
rCorr   .            k - +3 pair of gloves of Epnual {rC+ Regen+}
SInv    .            e - +0 pair of boots
Will    +....        o - amulet of the acrobat Stlth
                     N - ring of Kompahosk {rF+ rN++ Slay+2}
HPRegen 1.18/turn    J - ring of Xom's Whimsicality {Fire rN+}
MPRegen 0.13/turn

%: acrobat
@: acrobatic
A: (nimble swimmer 2), mertail
a: Renounce Religion, Evoke Blink, Potion Petition, Call Merchant, Bribe Branch


You were on level 10 of the Dungeon.
You worshipped Gozag.
Gozag was most pleased with you.
You visited 3 branches of the dungeon, and saw 14 of its levels.
You also visited: Sewer, Ossuary and Bailey.

You collected 5247 gold pieces.
You spent 1552 gold pieces at shops.
You paid 778 gold pieces to Gozag.

Inventory:

Hand Weapons
 a - a +0 trident
 v - a +0 trident
 x - a +0 vampiric spear
 H - a +4 trident (weapon)
Missiles
 d - a throwing net (quivered)
 t - 10 poisoned darts
 U - 11 boomerangs
Armour
 e - a +0 pair of boots (worn)
 i - a +1 chain mail
 j - a +2 helmet (worn)
 k - the +3 pair of gloves of Epnual (worn) {rC+ Regen+}
   (You found it on level 2 of the Dungeon)

   rC+:       It protects you from cold.
   Regen+:    It increases your rate of health regeneration.
 y - the +2 buckler "Tielu" (worn) {+Blink rPois rN++ Dex-4}
   (You took it off an orc warrior in a bailey)

   Dex-4:     It affects your dexterity (-4).
   rPois:     It protects you from poison rN++: It greatly protects you from
   negative energy.
   +Blink:    It lets you blink.
 P - a +0 cloak of willpower (worn)
 S - a +0 chain mail of cold resistance (worn)
 W - a +0 kite shield of reflection
Jewellery
 o - an amulet of the acrobat (around neck)
 C - a +5 ring of evasion
 J - the ring of Xom's Whimsicality (right hand) {Fire rN+}
   (You found it on level 6 of the Dungeon)

   [ring of fire]

   Fire:      It enhances your fire magic.
   rF+:       It protects you from fire.
   rC-:       It makes you vulnerable to cold.
   rN+:       It protects you from negative energy.
 N - the ring of Kompahosk (left hand) {rF+ rN++ Slay+2}
   (You bought it in a shop on level 2 of the Orcish Mines)

   [ring of protection from fire]

   Slay+2:    It affects your accuracy & damage with ranged weapons and melee
   (+2).
   rF+:       It protects you from fire.
   rN++:      It greatly protects you from negative energy.
Talismans
 c - a dragon-blood talisman
 Q - a serpent talisman
Wands
 E - a wand of roots (15)
 F - a wand of mindburst (19)
 K - a wand of polymorph (7)
 L - a wand of flame (17)
 X - a wand of charming (1)
Scrolls
 b - a scroll of vulnerability {unknown}
 h - 4 scrolls of fear
 l - 3 scrolls of noise {unknown}
 m - 2 scrolls of silence
 p - a scroll of brand weapon {unknown}
 q - a scroll of immolation {unknown}
 s - 4 scrolls of poison {unknown}
 u - 4 scrolls of enchant armour
 z - a scroll of blinking
 A - a scroll of enchant weapon {unknown}
 G - 2 scrolls of fog {unknown}
 M - 2 scrolls of revelation {unknown}
 O - 3 scrolls of teleportation {unknown}
 R - a scroll of torment {unknown}
Potions
 f - 3 potions of lignification
 g - 2 potions of invisibility
 n - 4 potions of heal wounds
 r - a potion of mutation
 w - 2 potions of ambrosia
 B - 2 potions of magic
 D - 2 potions of resistance
 I - 2 potions of brilliance {unknown}
 T - a potion of curing {unknown}
 V - 2 potions of haste {unknown}
 Y - a potion of enlightenment {unknown}


   Skills:
 - Level 13.0 Fighting
 - Level 14.0 Polearms
 - Level 8.2 Armour
 - Level 3.0 Shields
 - Level 10.0 Summonings
 - Level 5.8 Translocations
 * Level 4.6 Shapeshifting


You had 7 spell levels left.
You knew the following spells:

 Your Spells              Type           Power      Damage    Failure   Level
a - Summon Forest         Summ/Tloc      6%         N/A       98%         5

Your spell library contained the following spells:

 Spells                   Type           Power      Damage    Failure   Level
 Call Canine Familiar     Summ           16%        N/A       16%         3
 Gell's Gravitas          Tloc           9%         N/A       65%         3
 Teleport Other           Tloc           9%         N/A       65%         3
 Inner Flame              Hex/Fire       0%         N/A       100%        3
 Vampiric Draining        Necr           0%         2d6       100%        3
 Dispel Undead            Necr           0%         3d6       100%        4
 Irradiate                Conj/Alch      0%         3d11      100%        5
 Summon Mana Viper        Hex/Summ       8%         N/A       100%        5
 Dispersal                Tloc           4%         N/A       100%        6
 Summon Cactus Giant      Summ           8%         N/A       100%        6
 Haunt                    Necr/Summ      4%         N/A       100%        7
 Ignition                 Fire           0%         3d3       100%        8
 Infestation              Necr           0%         N/A       100%        8
 Animate Dead             Necr           Unusable   N/A       N/A         4

Dungeon Overview and Level Annotations

Branches:
Dungeon (11/15)            Temple (1/1) D:4            Lair (0/5) D:10
    Orc (2/2) D:9             Elf (0/3) Orc:2         Sewer (visited)
Ossuary (visited)          Bailey (visited)

Altars:
Ashenzari
Cheibriados
Dithmenos
Elyvilon
Fedhas
Gozag
Hepliaklqana
Kikubaaqudgha
Makhleb
Nemelex Xobeh
Okawaru
Qazlal
Ru
Sif Muna
Trog
Uskayaw
Vehumet
Wu Jian
Xom
Yredelemnul
Zin
The Shining One

Shops:
D:2 *   D:5 [?:   D:10 ?   Orc:1 :   Orc:2 (=!*[

Annotations:
D:2 exclusion: downstairs
D:4 exclusion: downstairs
D:5 3 runed translucent doors, exclusion: 3 doors, VAZYLA's ghost, novice OpBr
D:9 exclusion: downstairs
Orc:2 1 runed translucent door, MrCrawl's ghost, journeyman MiBe


Innate Abilities, Weirdness & Mutations

((You are very nimble when in or above water. (Stealth+, EV+, Speed+++)))
Your lower body shifts to a powerful aquatic tail in water.


Message History

You kill the kobold demonologist!
The hellwing disappears in a puff of smoke! x2
The wight closely misses you.
Reach: H) +4 trident
Press: ? - help, Dir - move target, f - wight
Aim: a wight, wielding a +1 great sword and wearing a +0 robe (about 27% to evade your +4 trident)
You puncture the wight!
The wight is heavily damaged.
You are too injured to fight recklessly!
You are too injured to fight recklessly!
You are too injured to fight recklessly!
Unknown command.
You puncture the wight!
You destroy the wight!
You now have 2911 gold pieces (gained 8).
Things that are here:
a +1 great sword; a +0 robe
Things that are here:
a +1 great sword; a +0 robe You now have 2917 gold pieces (gained 6).
Things that are here:
a +0 dagger; a +0 robe HP restored.
O - 3 scrolls labelled VASILI TAKHACK (gained 1)
Found The Oracle's Delphic Readings.
There is an entrance to The Oracle's Delphic Readings here.
Done exploring.
Done exploring.
Done exploring.
You open the door.
There is an open door here.
Done exploring.
Done exploring.
Done exploring.
Search for what [Enter for "."]? .
Saving game... please wait.
Welcome back, nightchill the Merfolk Fighter.
Gozag says: Greed is good.
Press ? for a list of commands and other information.
Are you sure you want to abandon this character and quit the game? (Confirm with "yes".)

#
#.....).%.#############.#
########.##8.........8#.#
#.##.....8.....#.#
#.##...#####...#.#
#.##...#.⌠.#...#.#
#.##..8#⌠∩⌠#8..#.#
#.##...#.⌠.#..)#.#
#.##...#.###..)'.#
#..@.....8.....###
####8.........8#
#############


There were no monsters in sight!

Vanquished Creatures
  Donald (Orc:2)
  2 orc warlords
  A two-headed ogre (D:10)
  A death yak (D:10)
  An orc high priest (Orc:2)
  The ghost of hackum the Cleaver, a novice DgFi (D:6)
  4 skeletal warriors
  A deep elf pyromancer (D:7)
  8 orc knights
  Pikel (D:5)
  3 orc sorcerers
  2 ugly things
  A kobold blastminer (Orc:2)
  Maurice (D:8)
  Joseph (D:7)
  A kobold demonologist (D:10)
  3 trolls
  Prince Ribbit (D:7)
  Sigmund (D:6)
  A shadow (D:10)
  A wyvern (D:7)
  A wraith (D:10)
  9 yaks
  Eustachio (D:6)
  A warg (Orc:1)
  A vampire mosquito (D:7)
  Edmund (D:6)
  Duvessa (D:6)
  5 water moccasins
  53 orc warriors
  3 black bears
  5 ice beasts
  8 centaurs
  6 ogres
  2 lemures
  A phantom (D:5)
  2 kobold brigands
  6 bullfrogs
  2 brain worms (Sewer)
  A scorpion (D:6)
  2 gnoll sergeants (D:8)
  A wight (D:10)
  Dowan (D:6)
  11 killer bees
  A howler monkey (D:10)
  3 bombardier beetles
  3 hounds
  3 jellies
  15 orc priests
  Jessica (D:2)
  2 gnoll boudas
  A sleepcap (D:7)
  Terence (D:2)
  16 orc wizards
  4 hell rats (D:10)
  A bullfrog simulacrum (D:6)
  8 mummies (Ossuary)
  A killer bee simulacrum (D:6)
  25 gnolls
  13 adders
  4 river rats
  2 shadow imps (D:7)
  3 white imps
  A howler monkey simulacrum (D:6)
  2 ufetubi (D:7)
  3 dart slugs
  3 ribbon worms
  92 orcs
  5 bats
  8 endoplasms
  6 giant cockroaches
  16 hobgoblins
  13 jackals
  2 quokkas
  9 ball pythons
  25 frilled lizards
  3 gnoll zombies (Ossuary)
  26 goblins
  2 hobgoblin zombies (Ossuary)
  9 kobolds
  2 kobold zombies (Ossuary)
  An orc zombie (Ossuary)
  11 rats
507 creatures vanquished.

Vanquished Creatures (collateral kills)
  An orc warrior (D:9)
  2 orc priests (D:9)
  8 orcs (D:9)
11 creatures vanquished.

Vanquished Creatures (others)
  An orc (Orc:2)
1 creature vanquished.

Grand Total: 519 creatures vanquished

Notes
Turn   | Place    | Note
-------+----------+-------------------------------------------
     0 | D:1      | nightchill the Merfolk Fighter began the quest for the Orb.
     0 | D:1      | Reached XP level 1. HP: 18/18 MP: 1/1
    85 | D:1      | Reached skill level 3 in Polearms
   152 | D:1      | Reached XP level 2. HP: 23/24 MP: 2/2
   371 | D:1      | Reached skill level 4 in Polearms
   371 | D:1      | Reached XP level 3. HP: 29/30 MP: 3/3
   792 | D:2      | Identified the +3 pair of gloves of Epnual {rC+ Regen+}
   900 | D:2      | Reached XP level 4. HP: 37/37 MP: 4/4
   974 | D:2      | Found Zeos's Assorted Antiques.
  1028 | D:2      | Reached skill level 5 in Polearms
  1038 | D:2      | Noticed Terence
  1051 | D:2      | Killed Terence
  1125 | D:2      | Found a hide-covered altar of Uskayaw.
  1180 | D:2      | Found a faded altar of an unknown god.
  1386 | D:2      | Reached XP level 5. HP: 43/43 MP: 5/5
  1436 | D:2      | Noticed Jessica
  1442 | D:2      | Killed Jessica
  1443 | D:2      | Reached skill level 6 in Polearms
  2169 | D:3      | Reached XP level 6. HP: 42/50 MP: 6/6
  2409 | D:4      | Noticed a black bear
  2442 | D:4      | Killed a black bear
  2443 | D:4      | Reached skill level 5 in Fighting
  2443 | D:4      | Reached skill level 7 in Polearms
  2656 | D:4      | Reached skill level 8 in Polearms
  2656 | D:4      | Reached XP level 7. HP: 56/56 MP: 7/7
  2723 | D:4      | Found a staircase to the Ecumenical Temple.
  2739 | Temple   | Entered the Ecumenical Temple
  2759 | Temple   | Became a worshipper of Gozag Ym Sagoz the Greedy
  3016 | D:4      | Found a glowing drain.
  3032 | Sewer    | Entered a sewer
  3534 | D:4      | Reached skill level 9 in Polearms
  3781 | D:5      | Entered Level 5 of the Dungeon
  3826 | D:5      | Found a runed translucent gate.
  3827 | D:5      | Identified the +8 spear of the Thirsty Xalams {drain, Str+2
                  | Int+2 Dex+4}
  3827 | D:5      | Noticed VAZYLA's ghost (novice OpBr)
  3892 | D:5      | Found a runed translucent gate.
  3892 | D:5      | Found a runed translucent gate.
  3894 | D:5      | Identified the +0 plate armour "Kowoff" {rPois Int+6 Dex-3
                  | Stlth+}
  4056 | D:5      | Reached XP level 8. HP: 65/65 MP: 8/8
  4076 | D:5      | Reached skill level 10 in Polearms
  4097 | D:5      | Noticed Pikel
  4174 | D:5      | Found Zicolag's Magic Scroll Boutique.
  4247 | D:5      | Found Doal's Book Shop.
  4358 | D:5      | Killed Pikel
  4359 | D:5      | Reached skill level 11 in Polearms
  4532 | D:5      | Found Nyob's Armour Shoppe.
  4744 | D:6      | Noticed hackum's ghost (novice DgFi)
  4788 | D:6      | Found a sand-covered staircase.
  4800 | Ossuary  | Entered an ossuary
  5223 | D:6      | Noticed Sigmund
  5242 | D:6      | Killed Sigmund
  5243 | D:6      | Reached skill level 12 in Polearms
  5243 | D:6      | Reached XP level 9. HP: 74/74 MP: 9/9
  5619 | D:6      | Noticed Dowan
  5619 | D:6      | Noticed Duvessa
  5637 | D:6      | Killed Duvessa
  5644 | D:6      | Killed Dowan
  5667 | D:6      | Noticed Eustachio
  5676 | D:6      | Killed Eustachio
  5677 | D:6      | Reached skill level 13 in Polearms
  5697 | D:6      | Noticed Edmund
  5720 | D:6      | Killed Edmund
  5795 | D:6      | Found a runed translucent gate.
  5795 | D:6      | Found a runed translucent gate.
  5796 | D:6      | Found a runed translucent gate.
  6377 | D:6      | Reached skill level 14 in Polearms
  6393 | D:6      | Killed hackum's ghost
  6394 | D:6      | Reached XP level 10. HP: 31/83 MP: 10/10
  6461 | D:6      | Got the ring of Xom's Whimsicality {Fire rN+}
  6869 | D:7      | Noticed Prince Ribbit
  6892 | D:7      | Killed Prince Ribbit
  7023 | D:7      | Reached skill level 10 in Fighting
  7027 | D:7      | Noticed a cyan ugly thing
  7134 | D:7      | Reached skill level 5 in Armour
  7253 | D:7      | Noticed a deep elf pyromancer
  7285 | D:7      | Killed a deep elf pyromancer
  7431 | D:6      | Killed a cyan ugly thing
  7639 | D:7      | Learned a level 5 spell: Summon Forest
  7736 | D:7      | Noticed Joseph
  7768 | D:7      | Killed Joseph
  7769 | D:7      | Reached skill level 1 in Summonings
  8017 | D:8      | Reached XP level 11. HP: 89/92 MP: 11/11
  8077 | D:8      | Reached skill level 1 in Translocations
  8528 | D:8      | Noticed Maurice
  8554 | D:8      | Something stole a +0 trident
  8570 | D:8      | Killed Maurice
  8779 | D:8      | You fall into a shaft and drop 3 floors!
  8806 | D:10     | Entered Level 10 of the Dungeon
  9247 | D:9      | Found a staircase to the Orcish Mines.
  9404 | D:9      | Found a flagged portal.
  9418 | Bailey   | Entered a bailey
  9708 | Bailey   | Reached skill level 5 in Summonings
  9804 | Bailey   | Noticed an orc warlord
  9805 | Bailey   | Noticed an orc knight
  9848 | Bailey   | Killed an orc knight
  9923 | Bailey   | Identified the +2 buckler "Tielu" {+Blink rPois rN++ Dex-4}
 10082 | Bailey   | Killed an orc warlord
 10323 | Bailey   | Acquired 575 gold pieces
 10330 | Bailey   | Got the Dissertation on Rot and the Gathering
 10477 | D:9      | Noticed a brown ugly thing
 10504 | D:9      | Killed a brown ugly thing
 10505 | D:9      | Reached XP level 12. HP: 76/102 MP: 12/12
 11103 | D:9      | Found a glowing golden altar of the Shining One.
 11749 | Orc:1    | Entered Level 1 of the Orcish Mines
 11998 | D:9      | HP: 3/102 [skeletal warrior/+1 war axe of flaming (18)]
 11998 | D:9      | HP: 1/102 [skeletal warrior/+1 war axe of flaming (2)]
 12667 | D:10     | Noticed a death yak
 12672 | D:10     | Noticed a death yak
 12674 | D:10     | Noticed a death yak
 12999 | Orc:1    | Found Eteoth's Self-Improvement Boutique.
 13455 | Orc:2    | Entered Level 2 of the Orcish Mines
 13455 | Orc:2    | Noticed Donald
 13792 | Orc:2    | Killed Donald
 13920 | Orc:2    | Found Died Xeth's Antique Armour Shop.
 13920 | Orc:2    | Noticed an orc warlord
 14065 | Orc:2    | Found Suloeheefi's General Store.
 14222 | Orc:2    | Reached skill level 5 in Translocations
 14245 | Orc:2    | Found a runed translucent door.
 14247 | Orc:2    | Found a shimmering altar of Xom.
 14247 | Orc:2    | Noticed MrCrawl's ghost (journeyman MiBe)
 14247 | Orc:2    | Identified the +4 trident of the Enchanting Gods {chaos,
                  | rElec Str+2}
 14401 | Orc:1    | Killed an orc warlord
 14436 | Orc:1    | Reached XP level 13. HP: 109/109 MP: 13/13
 15308 | Orc:2    | Found Kykkopik's Jewellery Boutique.
 15338 | Orc:2    | Found Olamer's Distillery.
 15427 | Orc:2    | Reached skill level 10 in Summonings
 15445 | Orc:2    | Found Votiss's Antique Weapon Emporium.
 15640 | Orc:2    | Bought a dragon-blood talisman for 840 gold pieces
 15640 | Orc:2    | Bought the ring of Kompahosk {rF+ rN++ Slay+2} for 712 gold
                  | pieces
 16046 | Orc:2    | Reached skill level 1 in Shapeshifting
 16101 | Orc:2    | Found a staircase to the Elven Halls.
 16541 | D:10     | Found a staircase to the Lair.
 17113 | D:10     | Found The Oracle's Delphic Readings.
 17125 | D:10     | Quit the game

Illustrated notes

Levels and vault maps discovered:
D:1:      heliophobic_arrival_henge, layout_loops_ring
D:2:      layout_basic, serial_shops, shop, basic_altar,
          dreamdust_ecumenical_altar_hidden_monk_grotto,
          mrwooster_statue_mirror, grunt_decor_fettered, minmay_lizard_pond,
          uniq_terence, uniq_jessica
D:3:      layout_rooms
D:4:      layout_loops_ring, minmay_temple_entry_mini_moons,
          cheibrodos_sewer_entry_bend
D:5:      layout_cave_pools, serial_shops, nicolae_shop_back_alley_shop,
          nicolae_shop_statue_plus, nicolae_shop_hallway_stairs,
          biasface_ghost_orc_armoury, uniq_pikel
D:6:      layout_gridville, mainiacjoe_ossuary_entry_dusty_tomb,
          gammafunk_ghost_icy, uniq_eustachio, uniq_edmund, uniq_duvessa,
          uniq_sigmund
D:7:      nzn_winding_woodlands_small
          [nzn_winding_woodlands_5x15_river_crossing,
          nzn_winding_woodlands_center_pierced_h,
          nzn_winding_woodlands_5x15_longhouse], layout_loops_ring,
          uniq_prince_ribbit1, uniq_joseph
D:8:      layout_loops_corners, uniq_maurice
D:9:      kennysheep_spiral_hall, layout_loops_corners,
          nicolae_tso_carved_into_rock, david_orc_5, special_room
          [special_room_orc], enter_bailey_5
D:10:     layout_basic, dpeg_lair_monsters, nicolae_nh_oracle_at_delphi
D:11:     layout_irregular_city, lightli_wizard_tower
Temple:   nicolae_temple_bog_church
Orc:1:    layout_diamond_mine, nicolae_shop_self_help
Orc:2:    grunt_orc_gardens, layout_diamond_mine, grunt_orc_garden,
          grunt_orc_garden, grunt_orc_garden, grunt_orc_garden, serial_shops,
          shop, ebering_ghost_xom, uniq_donald

Skill      XL: |  1  2  3  4  5  6  7  8  9 10 11 12 13 |
---------------+----------------------------------------+-----
Polearms       | 3 4 5 6 8 9 12 14 | 14.0
Fighting       | 4 5 6 7 9 10 11 12 13 | 13.0
Armour         | 3 6 7 8 |  8.2
Summonings     | 1 6 9 10 | 10.0
Translocations | 3 5 |  5.8
Shapeshifting  | 4 |  4.6
Shields        | |  3.0

Action                     |  1- 3 |  4- 6 |  7- 9 | 10-12 | 13-15 || total
---------------------------+-------+-------+-------+-------+-------++-------
  Melee: Trident           |   127 |   146 |   133 |  1332 |   372 ||  2110
         Spear             |       |    76 |   554 |       |       ||   630
         Tailslap          |       |       |     2 |       |       ||     2
  Throw: Dart              |       |     2 |    10 |    10 |       ||    22
 Invoke: Potion Petition   |       |       |       |     2 |       ||     2
Ability: Begin Untransform |       |       |       |     1 |     1 ||     2
         Breathe Fire      |       |       |       |       |     1 ||     1
  Evoke: Wand              |       |       |       |     3 |       ||     3
    Use: Potion            |       |     2 |     4 |     8 |       ||    14
         Scroll            |       |     5 |     3 |    10 |       ||    18
   Stab: Distracted        |       |       |     4 |     6 |       ||    10
 Armour: Scale mail        |    25 |       |       |       |       ||    25
         Chain mail        |    58 |   148 |   234 |   451 |   151 ||  1042
  Dodge: Dodged            |    44 |    65 |   173 |   355 |   129 ||   766
  Block: Buckler           |    26 |    27 |    60 |   164 |    64 ||   341
   Form: Serpent           |       |       |       |     1 |       ||     1
         Dragon            |       |       |       |       |     1 ||     1
